Map: Fields of Death

Players

neulaender

  • Race: Zerg Zerg

Baumdoktor

  • Race: Protoss Protoss

bonbis

  • Race: Terran Terran

Darko

  • Race: Terran Terran

VOD

Have the link to the VOD?

Description

Time

  • Played on: Oct. 21, 2016, 2:30 p.m.
  • Length: 29:17
Show
View Real Time Build Order
Export as new Build Order

neulaender Zerg 

Build Orders: Pool First 

Get SALT Encoding   

  12  0:02  Drone  
  13  0:12  Overlord  
  13  0:16  Drone  
  14  0:31  Drone x2  
  16  0:37  Drone  
  16  0:42  Extractor  
  16  0:45  Drone  
  17  0:52  Spawning Pool  
  17  0:56  Drone  
  17  1:19  Unknown, Hatchery  
  17  1:25  Drone  
  17  1:28  Drone  
  17  1:31  Drone  
  19  1:43  Queen  
  21  1:49  Metabolic Boost  
  21  1:55  Overlord  
  21  2:00  Drone  
  22  2:14  Drone x2  
  24  2:20  Extractor  
  24  2:22  Queen  
  25  2:27  Overlord  
  25  2:31  Unknown  
  25  2:33  Drone  
  25  2:34  Drone  
  27  2:55  Evolution Chamber x2  
  27  2:56  Baneling Nest  
  27  2:57  Drone x3  
  27  3:05  Drone x2  
  29  3:14  Baneling Nest  
  29  3:16  Drone  
  29  3:23  Zerg Melee Weapons Level 1  
  29  3:28  Drone  
  29  3:30  Zergling x2  
  29  3:31  Zergling x2  
  32  3:40  Spine Crawler  
  31  3:43  Spine Crawler  
  31  3:48  Zergling x2  
  31  3:49  Zergling x2  
  31  3:59  Zergling x2  
  31  4:00  Zergling x6  
  34  4:08  Drone x2  
  36  4:31  Drone x4  
  40  4:38  Lair  
  40  4:46  Drone x2  
  42  4:53  Zerg Ground Armor Level 1  
  42  4:58  Zergling x2  
  42  4:59  Zergling x2  
  44  5:01  Overlord x2  
  44  5:10  Overlord x2  
  44  5:17  Zerg Missile Weapons Level 1  
  44  5:21  Zergling x6  
  45  5:22  Zergling x8  
  51  5:30  Drone  
  51  5:31  Drone x2  
  51  5:32  Drone  
  55  5:37  Roach Warren  
  54  5:58  Drone  
  54  6:03  Zergling x14  
  54  6:04  Zergling x4  
  58  6:33  Zergling x20  
  68  6:48  Zergling x6  
  71  6:57  Zerg Ground Armor Level 2  
  70  7:06  Unknown, Hatchery  
  66  7:15  Glial Reconstitution  
  66  7:17  Zerg Missile Weapons Level 2  
  66  7:19  Roach x4  
  66  7:20  Zergling x2  
  66  7:21  Overlord x3  
  75  7:35  Extractor  
  75  7:36  Drone  
  75  7:38  Overlord x2  
  75  7:40  Extractor  
  74  7:44  Centrifical Hooks  
  74  7:49  Drone  
  74  7:50  Drone  
  76  7:55  Extractor, Drone x3  
  78  8:00  Roach x6  
  90  8:17  Unknown  
  90  8:21  Hydralisk Den  
  90  8:23  Spine Crawler  
  90  8:26  Drone  
  89  8:28  Drone x8  
  97  8:42  Infestation Pit  
  92  8:51  Zergling x6  
  82  9:07  Lair  
  75  9:34  Drone x3  
  78  9:43  Unknown, Hatchery  
  77  10:04  Drone  
  77  10:05  Drone x2  
  80  10:08  Overlord x3  
  80  10:12  Zerg Melee Weapons Level 2, Muscular Augments  
  80  10:16  Spore Crawler  
  80  10:19  Spore Crawler  
  80  10:20  Spine Crawler  
  77  10:22  Queen  
  77  10:23  Spine Crawler, Drone  
  77  10:28  Drone  
  80  10:30  Drone x3  
  83  10:51  Roach  
  83  10:52  Roach x4  
  83  10:55  Unknown  
  83  10:56  Overseer  
  93  10:58  Overseer x4  
  93  11:01  Pneumatized Carapace  
  93  11:08  Drone x2  
  93  11:10  Queen  
  97  11:17  Drone  
  98  11:19  Drone x5  
  102  11:26  Ravager  
  102  11:29  Baneling  
  102  11:30  Baneling x8  
  102  11:32  Ravager x2  
  105  11:33  Ravager  
  105  11:38  Ravager  
  107  11:40  Roach x2  
  107  11:41  Zergling x6  
  107  11:42  Zergling x2  
  115  11:48  Zergling x4  
  115  11:51  Zergling x2  
  117  12:04  Spore Crawler  
  116  12:16  Overlord x3  
  116  12:46  Roach x3  
  116  12:47  Roach x9  
  140  13:39  Drone x3  
  140  13:40  Drone x3  
  133  13:51  Unknown, Hatchery  
  123  14:07  Drone x2  
  125  14:11  Spore Crawler  
  125  14:12  Spine Crawler  
  125  14:14  Spine Crawler  
  123  14:17  Spore Crawler, Drone x5  
  123  14:22  Queen  
  128  14:37  Drone x3  
  131  14:44  Hive  
  131  14:47  Hydralisk  
  131  14:48  Hydralisk x6  
  145  15:03  Unknown  
  145  15:09  Drone  
  145  15:10  Queen  
  144  15:35  Drone x2  
  146  15:36  Drone  
  146  15:41  Hydralisk x6  
  149  15:54  Drone  
  142  16:25  Baneling  
  55  16:56  Zergling x16  
  55  16:57  Zergling x46  
  86  17:07  Zergling x2  
  87  17:09  Zerg Melee Weapons Level 3  
  87  17:10  Adrenal Glands  
  87  17:17  Baneling x5  
  87  17:27  Zergling x4  
  87  17:28  Zergling x8  
  93  17:42  Zergling x24  
  84  18:00  Zergling x6  
  70  18:15  Baneling  
  70  18:16  Baneling x13  
  66  18:32  Zergling x18  
  57  18:42  Zergling x2  
  57  18:43  Zergling x16  
  66  18:52  Baneling x4  
  66  18:53  Baneling x2  
  66  19:00  Baneling  
  66  19:01  Baneling x5  
  66  19:02  Zergling x2  
  66  19:03  Zergling x4  
  45  19:18  Zergling x2  
  45  19:19  Zergling x16  
  51  19:28  Zergling x2  
  50  19:33  Zergling x2  
  50  19:38  Baneling x2  
  51  19:39  Baneling x12  
  51  19:41  Zergling x4  
  51  19:42  Zergling x8  
  55  19:56  Zergling x8  
  58  20:10  Zergling x2  
  58  20:11  Zergling x14  
  66  20:24  Zergling x2  
  66  20:25  Zergling x8  
  66  20:28  Unknown, Hatchery  
  70  20:35  Spine Crawler  
  69  20:38  Spine Crawler  
  67  21:05  Unknown, Hatchery  
  66  21:13  Baneling x3  
  66  21:14  Baneling  
  66  21:15  Baneling x3  
  66  21:16  Baneling x3  
  66  21:17  Baneling x3  
  66  21:22  Zergling x4  
  66  21:23  Zergling x26  
  81  21:53  Zergling x2  
  81  21:54  Zergling x10  
  53  22:11  Zergling x2  
  53  22:12  Zergling x10  
  56  22:16  Unknown  
  56  22:18  Drone x3  
  57  22:25  Drone  
  57  22:29  Zergling x2  
  58  22:58  Hydralisk x3  
  58  23:00  Zergling x2  
  64  23:12  Drone x3  
  67  23:13  Drone  
  64  23:26  Hydralisk  
  64  23:40  Drone  
  65  23:50  Hydralisk  
  63  24:09  Roach  
  58  24:45  Zergling x2  
  59  24:46  Zergling x22  
  65  25:03  Roach  
  65  25:04  Roach x3  
  72  25:26  Unknown, Hatchery  
  71  25:28  Extractor  
  70  25:36  Burrow  
  70  25:38  Roach  
  70  25:39  Roach x4  
  73  26:11  Roach x7  
  69  26:12  Roach x2  
  69  26:17  Overseer x2  
  69  26:18  Overseer  
  85  26:26  Queen  
  85  26:30  Drone x2  
  43  26:54  Roach  
  43  26:55  Roach x9  
  53  27:07  Roach  
  52  27:16  Drone  
  52  27:17  Drone x2  
  31  27:40  Hydralisk  
  31  27:41  Hydralisk x5  
  27  28:41  Unknown, Hatchery  
Show
View Real Time Build Order
Export as new Build Order

Baumdoktor Protoss 

Build Orders: 1 Gate Expand, Blink Stalkers 

Get SALT Encoding   

  12  0:02  Probe (Chrono Boost)  
  13  0:12  Probe (Chrono Boost)  
  14  0:19  Pylon  
  14  0:23  Probe (Chrono Boost)  
  15  0:37  Probe (Chrono Boost)  
  15  0:40  Gateway  
  16  0:48  Probe (Chrono Boost)  
  17  0:58  Probe (Chrono Boost)  
  18  1:15  Nexus, Unknown  
  18  1:22  Pylon  
  18  1:26  Probe (Chrono Boost)  
  19  1:35  Cybernetics Core  
  19  1:40  Assimilator  
  19  1:46  Assimilator  
  19  1:47  Probe (Chrono Boost)  
  20  1:58  Probe (Chrono Boost)  
  21  2:04  Warp Gate  
  22  2:08  Probe (Chrono Boost)  
  22  2:19  Probe (Chrono Boost)  
  23  2:27  Unknown  
  24  2:30  Probe (Chrono Boost)  
  24  2:31  Probe (Chrono Boost)  
  25  2:39  Twilight Council  
  25  2:40  Probe (Chrono Boost)  
  25  2:42  Gateway  
  26  2:47  Gateway  
  27  2:51  Probe (Chrono Boost)  
  27  2:59  Gateway  
  27  3:00  Probe (Chrono Boost)  
  27  3:02  Probe (Chrono Boost)  
  29  3:12  Probe x2 (Chrono Boost), Stalker  
  33  3:21  Blink  
  33  3:26  Probe (Chrono Boost)  
  33  3:27  Probe (Chrono Boost)  
  32  3:37  Probe (Chrono Boost)  
  32  3:38  Probe (Chrono Boost)  
  19  4:24  Stalker x2  
  23  4:40  Probe (Chrono Boost)  
  23  4:42  Probe (Chrono Boost)  
  25  4:52  Probe x2 (Chrono Boost)  
  27  4:59  Pylon  
  27  5:03  Probe (Chrono Boost)  
  27  5:04  Pylon  
  28  5:13  Probe (Chrono Boost)  
  29  5:14  Stalker  
  29  5:17  Charge  
  31  5:34  Stalker  
  33  5:42  Probe (Chrono Boost)  
  34  5:46  Probe (Chrono Boost)  
  35  5:52  Probe (Chrono Boost)  
  37  5:58  Probe (Chrono Boost)  
  37  6:24  Stalker x4  
  45  6:36  Gateway  
  45  6:38  Gateway  
  45  6:45  Gateway  
  45  7:16  Stargate x2  
  45  7:25  Pylon  
  45  7:32  Probe (Chrono Boost)  
  45  7:36  Probe (Chrono Boost)  
  47  7:39  Assimilator  
  47  7:40  Nexus, Unknown  
  47  7:42  Probe (Chrono Boost), Stalker  
  47  7:43  Stalker, Assimilator  
  52  7:48  Probe (Chrono Boost), Stalker  
  55  7:53  Probe (Chrono Boost)  
  56  8:03  Probe (Chrono Boost)  
  57  8:15  Pylon  
  57  8:17  Pylon  
  57  8:19  Assimilator  
  57  8:23  Assimilator  
  57  8:24  Probe (Chrono Boost)  
  58  8:34  Probe (Chrono Boost), Stalker x5  
  69  8:45  Probe (Chrono Boost)  
  70  8:49  Stalker x2  
  70  8:51  Unknown  
  70  9:29  Probe (Chrono Boost)  
  71  9:36  Stalker  
  71  9:37  Stalker x6  
  85  9:40  Probe (Chrono Boost)  
  86  9:50  Probe (Chrono Boost)  
  87  10:01  Probe (Chrono Boost)  
  88  10:08  Probe (Chrono Boost)  
  88  10:09  Probe (Chrono Boost)  
  88  10:12  Probe (Chrono Boost)  
  88  10:13  Stalker x2  
  88  10:14  Stalker x2  
  99  10:18  Probe (Chrono Boost)  
  101  10:21  Probe (Chrono Boost)  
  101  10:57  Pylon  
  101  10:59  Pylon  
  101  11:04  Pylon  
  101  11:08  Pylon  
  101  11:12  Pylon  
  101  11:15  Probe x2 (Chrono Boost)  
  101  11:17  Probe (Chrono Boost)  
  104  11:18  Void Ray  
  104  11:19  Void Ray  
  104  11:21  Robotics Facility  
  104  11:24  Robotics Facility  
  112  11:26  Probe x2 (Chrono Boost)  
  112  11:29  Probe (Chrono Boost)  
  112  11:32  Resonating Glaives  
  115  11:36  Probe (Chrono Boost)  
  117  11:41  Probe (Chrono Boost)  
  117  11:44  Forge  
  117  11:45  Adept x4, Forge  
  117  11:46  Adept x3  
  131  12:10  Observer  
  131  12:11  Immortal  
  136  12:31  Warp Prism, Protoss Ground Weapons Level 1  
  136  12:32  Protoss Ground Armor Level 1  
  136  12:43  Void Ray  
  140  13:02  Pylon  
  140  13:04  Pylon  
  140  13:09  Stalker  
  141  13:29  Nexus, Unknown  
  141  13:45  Nexus, Unknown  
  141  13:49  Pylon  
  141  13:51  Pylon  
  141  13:53  Pylon  
  141  14:06  Void Ray  
  141  14:07  Immortal  
  141  14:09  Immortal  
  153  14:15  Assimilator  
  153  14:18  Void Ray  
  153  14:19  Assimilator  
  157  14:27  Protoss Ground Weapons Level 2  
  157  14:34  Stargate  
  157  14:37  Stargate  
  157  14:41  Unknown  
  157  14:47  Robotics Bay  
  157  14:49  Void Ray  
  157  14:51  Fleet Beacon  
  161  14:57  Unknown  
  161  15:12  Observer  
  161  15:14  Observer  
  159  15:43  Probe (Chrono Boost)  
  160  15:54  Probe (Chrono Boost)  
  161  15:58  Carrier  
  161  15:59  Carrier  
  173  16:05  Probe (Chrono Boost)  
  173  16:07  Carrier  
  180  16:15  Probe (Chrono Boost)  
  181  16:26  Probe (Chrono Boost)  
  181  16:29  Protoss Air Weapons Level 1  
  182  17:06  Protoss Ground Weapons Level 3  
  182  17:08  Protoss Ground Armor Level 2  
  182  17:10  Carrier  
  188  17:18  Zealot x4  
  138  18:07  Carrier x2  
  134  18:23  Protoss Air Armor Level 1  
  118  18:48  Adept x5  
  122  18:49  Adept x2  
  122  18:53  Colossus  
  122  18:54  Colossus  
  116  19:36  Zealot x6  
  116  19:37  Zealot  
  122  20:04  Extended Thermal Lance  
  122  20:09  Stalker x2  
  122  20:10  Stalker x3  
  122  20:11  Stalker  
  122  20:12  Zealot  
  118  20:50  Probe (Chrono Boost)  
  118  20:59  Nexus, Unknown  
  118  21:00  Probe (Chrono Boost)  
  118  21:02  Assimilator  
  119  21:07  Assimilator  
  119  21:09  Sentry x6  
  119  21:10  Sentry, Pylon  
  119  21:11  Probe (Chrono Boost)  
  124  21:12  Pylon  
  116  22:11  Unknown  
  96  22:36  Probe x2 (Chrono Boost)  
  95  23:29  Adept  
  95  23:30  Adept x6  
  50  24:25  Graviton Catapult  
  50  24:38  Nexus, Unknown  
  50  25:03  Nexus, Unknown  
  44  25:49  Unknown  
  14  25:59  Stalker x2  
  18  26:12  Assimilator  
  18  26:15  Probe (Chrono Boost), Unknown  
  19  26:26  Probe (Chrono Boost)  
  20  26:36  Assimilator  
  20  26:41  Assimilator  
  20  26:54  Stalker  
  20  26:55  Stalker  
  20  27:17  Stalker  
  20  27:19  Stalker  
  19  27:47  Probe (Chrono Boost)  
  19  27:50  Probe (Chrono Boost)  
  21  27:57  Probe (Chrono Boost)  
  22  28:00  Probe (Chrono Boost)  
  23  28:11  Probe (Chrono Boost)  
  16  28:43  Stalker x2  
Show
View Real Time Build Order
Export as new Build Order

bonbis Terran 

Build Orders: MMM Bio 

Get SALT Encoding   

  12  0:01  SCV  
  13  0:13  SCV  
  14  0:23  Supply Depot  
  14  0:25  SCV  
  15  0:30  Refinery  
  15  0:45  SCV  
  15  0:47  Barracks  
  16  0:57  SCV  
  17  1:09  SCV  
  18  1:21  SCV  
  19  1:33  SCV  
  19  1:36  Reaper  
  21  1:45  SCV  
  22  1:53  Supply Depot  
  22  1:56  Command Center, Unknown  
  22  1:58  SCV, Refinery  
  23  2:14  SCV  
  23  2:15  Factory  
  24  2:26  Reaper  
  26  2:32  Orbital Command  
  25  2:57  SCV  
  26  2:59  Widow Mine  
  28  3:07  Unknown  
  28  3:08  Supply Depot  
  28  3:09  SCV  
  28  3:11  Starport  
  29  3:15  Barracks Tech Lab  
  29  3:17  SCV  
  30  3:22  SCV  
  31  3:29  SCV  
  31  3:34  SCV  
  33  3:39  Marine  
  33  3:40  Widow Mine  
  36  3:57  Marine  
  36  4:09  SCV, Orbital Command, Widow Mine  
  39  4:17  Starport Reactor  
  39  4:18  Marine  
  39  4:20  Stimpack  
  39  4:21  SCV  
  41  4:25  Barracks x2  
  41  4:26  Barracks  
  41  4:27  Barracks  
  41  4:34  SCV  
  41  4:37  SCV  
  43  4:40  Engineering Bay  
  43  4:43  Engineering Bay  
  43  4:45  Factory Tech Lab  
  42  4:46  SCV  
  42  4:49  Marine  
  44  4:54  SCV  
  44  4:57  Medivac x2  
  44  4:58  SCV  
  50  5:02  Refinery  
  50  5:05  Refinery  
  50  5:06  SCV  
  50  5:07  Marine  
  51  5:08  Terran Infantry Weapons Level 1  
  51  5:10  SCV, Terran Infantry Armor Level 1  
  51  5:13  Barracks Reactor  
  51  5:14  Barracks Reactor  
  53  5:15  Barracks Reactor  
  53  5:17  Barracks Reactor  
  53  5:20  SCV  
  54  5:27  Supply Depot  
  54  5:33  Supply Depot  
  54  5:36  Supply Depot  
  54  5:48  Medivac, Marine  
  54  5:49  Siege Tank  
  60  5:50  SCV x2  
  62  6:02  SCV x2, Marine x3  
  62  6:03  Marine  
  68  6:04  Marine  
  68  6:06  Marine  
  70  6:11  Supply Depot  
  70  6:12  Marine x2  
  70  6:13  Marine  
  70  6:14  SCV  
  70  6:15  SCV  
  75  6:20  Marine  
  75  6:21  Marine x2  
  78  6:30  Combat Shields  
  78  6:33  SCV x2, Marine x3, Siege Tank  
  78  6:37  Supply Depot  
  85  6:40  Supply Depot  
  79  6:48  Marine x3  
  79  6:49  Medivac  
  79  6:50  Medivac  
  86  6:58  Marine x4  
  86  6:59  SCV x2, Supply Depot  
  92  7:05  Siege Tank  
  95  7:10  Marine  
  95  7:11  Marine x3  
  95  7:13  Armory  
  95  7:14  Marine  
  100  7:16  Marine x2  
  100  7:20  Medivac x2, Marine x2  
  100  7:22  SCV x2  
  110  7:29  Supply Depot  
  110  7:32  Supply Depot  
  110  7:34  Supply Depot  
  110  7:39  Supply Depot  
  110  7:51  Marine  
  110  7:52  Marine x2  
  110  7:55  Marine  
  110  7:56  Marine x5  
  119  8:00  Terran Infantry Weapons Level 2  
  119  8:05  Terran Infantry Armor Level 2  
  119  8:09  Medivac, Marine x2  
  119  8:10  Medivac, Marine  
  126  8:13  Marine x6  
  132  8:27  Marine x3, Siege Tank  
  132  8:31  Marine x4  
  141  8:59  Marine  
  142  9:08  Marine  
  142  9:09  Marine  
  142  9:11  Marine x4  
  142  9:12  Viking, Marine x2  
  142  9:13  Medivac, Siege Tank  
  142  9:16  Marine  
  136  9:26  Marine x2  
  136  9:28  Marine  
  136  9:29  Supply Depot, Marine x4  
  136  9:30  Supply Depot, Marine  
  136  9:31  Supply Depot x2  
  139  9:34  Marine  
  139  9:36  Supply Depot, Command Center, Unknown  
  139  9:38  Supply Depot  
  140  9:42  Medivac  
  140  9:45  Terran Vehicle Weapons Level 1  
  142  9:50  Marine x3  
  145  10:03  Marine x3  
  145  10:04  Marine x3  
  145  10:06  Medivac  
  153  10:08  Marine x3, Widow Mine  
  153  10:12  Medivac  
  160  10:22  Terran Infantry Weapons Level 3  
  160  10:29  Terran Infantry Armor Level 3  
  160  10:46  Marine x6  
  160  10:48  Unknown  
  166  10:50  Siege Tank  
  169  11:09  Marine x2  
  169  11:10  Marine x2, Refinery  
  173  11:12  Refinery  
  173  11:24  Siege Tank  
  176  11:34  Orbital Command  
  176  11:39  Terran Vehicle And Ship Armor Level 1  
  176  11:49  Marine x5  
  176  11:50  Marine x2  
  183  11:56  Siege Tank  
  186  12:07  Marine x5  
  191  12:10  Medivac  
  191  12:11  Medivac, Marine x3  
  191  12:12  Marine  
  199  12:25  Marine  
  190  12:38  Widow Mine  
  190  12:40  Marine x2  
  194  12:56  Supply Depot  
  194  12:58  Supply Depot  
  194  13:34  Marine x6  
  188  14:00  Marine, Widow Mine  
  188  14:01  Marine x2  
  193  14:16  Marine  
  193  14:17  Marine x3, Refinery  
  194  14:18  Medivac, Command Center, Unknown, Refinery  
  199  14:32  Marine  
  198  15:21  Widow Mine  
  190  15:29  Unknown  
  190  15:30  Orbital Command  
  190  15:53  Widow Mine  
  190  15:54  Marine x3  
  195  16:17  Marine x4  
  195  16:18  Marine  
  181  16:43  Terran Vehicle Weapons Level 2  
  171  17:07  Liberator  
  171  17:08  Liberator  
  171  17:12  Marine  
  171  17:13  Marine x5  
  177  17:16  Widow Mine  
  177  17:21  Marine x2  
  177  17:22  Marine  
  187  17:45  Widow Mine  
  127  17:59  Marine  
  127  18:00  Marine x8  
  131  18:13  Widow Mine  
  131  18:17  Marine  
  131  18:18  Marine x8  
  137  18:35  Barracks, Marine  
  137  18:36  Barracks x2, Marine x8  
  137  18:37  Barracks  
  137  18:38  Medivac  
  137  18:39  Medivac  
  147  18:42  Widow Mine  
  147  18:47  Refinery  
  147  18:48  Refinery  
  149  18:53  Marine x4  
  149  18:54  Marine x3  
  156  18:57  Command Center, Unknown  
  156  18:58  Marine x2  
  156  18:59  Terran Vehicle And Ship Armor Level 2  
  158  19:08  Medivac x2  
  162  19:11  Marine x5  
  167  19:19  Starport x2  
  167  19:20  Starport x2  
  167  19:28  Marine  
  167  19:29  Marine x12  
  180  19:34  Widow Mine  
  182  19:38  Medivac x2  
  186  19:46  Marine  
  186  19:47  Marine x12  
  199  20:04  Marine  
  199  20:06  Starport Reactor x4  
  200  20:08  Unknown  
  200  20:10  Barracks Reactor x2  
  200  20:11  Barracks Reactor  
  180  20:50  Barracks Reactor  
  180  21:03  Marine  
  155  21:15  Terran Ship Weapons Level 1  
  155  21:18  Marine x5  
  153  21:19  Marine x9  
  153  21:21  Marine  
  167  21:29  Marine x2  
  169  21:34  Planetary Fortress  
  169  21:36  Marine x10  
  169  21:37  Marine x4  
  169  21:38  Marine  
  184  21:45  Viking x3  
  184  21:46  Viking x5  
  199  21:47  Marine x2  
  199  21:54  Marine x3  
  150  22:15  Marine x7  
  147  22:16  Marine x10  
  160  22:33  Marine x13  
  160  22:34  Marine x4  
  177  22:50  Marine  
  178  22:51  Marine x15  
  193  23:04  Marine  
  194  23:08  Marine  
  194  23:09  Marine x2  
  195  23:46  Marine  
  195  23:47  Marine x4  
  183  24:22  Marine x5  
  179  24:25  Orbital Command  
  179  24:29  Viking x3  
  170  25:05  SCV  
  168  25:07  Medivac x5  
  168  25:08  Marine  
  168  25:10  Marine  
  168  25:11  Marine  
  181  25:17  SCV  
  180  25:22  Refinery  
  178  25:29  SCV  
  179  25:41  SCV  
  179  25:42  Terran Ship Weapons Level 2  
  173  25:54  SCV  
  147  26:21  Marine x9  
  147  26:22  Marine x3  
  147  26:25  SCV x3  
  161  26:26  SCV, Marine x5  
  161  26:28  Medivac x2  
  172  26:37  SCV  
  172  26:39  Marine  
  145  27:06  Marine  
  145  27:07  Medivac  
  145  27:08  Medivac x4, Marine  
  156  27:09  Medivac  
  156  27:10  Medivac x2, Marine  
  159  27:37  Orbital Command  
  159  27:41  Marine x7  
  159  27:42  Marine x10  
  176  27:47  Supply Depot  
  176  27:59  Marine x4  
  176  28:04  Refinery  
  180  28:06  Refinery  
  180  28:08  Marine x8  
  180  28:09  Supply Depot  
  188  28:13  Marine  
  188  28:30  Marine x8  
  188  28:32  Supply Depot  
  196  28:54  Marine x4  
Show
View Real Time Build Order
Export as new Build Order

Darko Terran 

Build Orders:  

Get SALT Encoding   

  12  0:01  SCV  
  13  0:13  SCV  
  14  0:26  SCV  
  14  0:28  Supply Depot  
  15  0:49  SCV  
  16  0:50  Barracks  
  16  0:56  Barracks  
  16  0:59  Refinery  
  16  1:01  SCV  
  17  1:13  SCV  
  18  1:25  SCV  
  19  1:38  SCV  
  20  1:43  Reaper, Refinery  
  21  1:50  SCV  
  21  1:51  Supply Depot  
  22  2:00  Reaper  
  23  2:14  Supply Depot  
  23  2:19  Reaper  
  24  2:35  Barracks Reactor  
  24  2:42  Engineering Bay  
  24  2:44  SCV  
  25  2:56  SCV  
  25  2:57  Barracks Tech Lab  
  26  3:10  Missile Turret  
  26  3:16  Orbital Command  
  26  3:31  Supply Depot  
  25  4:31  Marauder  
  25  4:32  Marine  
  25  4:33  Marine  
  25  4:36  Concussive Shells  
  27  4:41  Supply Depot  
  27  4:42  Terran Infantry Weapons Level 1  
  27  4:50  Marine  
  27  4:51  Marine  
  27  4:52  Marauder  
  31  5:01  Command Center, Unknown  
  31  5:08  Supply Depot, Marine  
  31  5:09  Marine  
  31  5:14  Marauder  
  35  5:16  SCV  
  36  5:26  Marine x2, Combat Shields  
  38  5:34  Supply Depot  
  38  5:35  Marauder  
  40  5:44  Marine x2  
  42  5:56  Marauder  
  44  6:01  Marine  
  44  6:02  Marine  
  46  6:12  Unknown  
  46  6:18  Marauder  
  36  6:19  Marine  
  36  6:20  Marine  
  34  6:37  Marine  
  34  6:38  Marine  
  34  6:39  Marauder  
  38  6:49  Bunker  
  38  6:59  Orbital Command  
  38  7:10  SCV  
  38  7:15  Marine x2  
  40  7:22  SCV  
  42  7:29  Missile Turret  
  42  7:33  Marine x2  
  42  7:34  SCV  
  42  7:36  Stimpack  
  45  7:45  Terran Infantry Armor Level 1  
  45  7:50  Marine  
  46  7:51  Marine  
  46  7:52  Missile Turret, SCV  
  48  8:05  SCV  
  49  8:08  Marine  
  49  8:09  Marine  
  51  8:14  Missile Turret  
  51  8:17  SCV  
  52  8:23  Missile Turret  
  52  8:26  Marine  
  52  8:27  Marine  
  53  8:29  SCV  
  53  8:31  Factory  
  55  8:37  Missile Turret  
  55  8:41  SCV  
  56  8:44  Engineering Bay  
  56  8:57  Missile Turret  
  56  9:02  Missile Turret  
  56  9:23  Missile Turret  
  56  9:24  Refinery  
  56  9:25  Hi-Sec Auto Tracking  
  56  9:28  Factory Tech Lab  
  56  9:37  Armory  
  56  9:52  Refinery  
  56  10:05  Neosteel Frame  
  56  10:07  Marine x2  
  56  10:10  Siege Tank  
  61  10:25  Marine x2  
  63  10:29  Barracks  
  63  10:33  Barracks  
  63  10:42  Terran Vehicle Weapons Level 1, Siege Tank  
  66  10:43  Armory, Marine x2  
  68  11:00  Marine  
  68  11:01  Marine  
  70  11:14  Siege Tank  
  73  11:39  Command Center, Unknown  
  73  11:49  Terran Vehicle And Ship Armor Level 1  
  73  11:58  Barracks Reactor x2  
  73  12:41  Marine  
  73  12:42  Marine x5  
  79  12:50  Unknown  
  79  12:59  Marine x5  
  79  13:00  Marine  
  85  13:15  SCV  
  85  13:17  Marine x6  
  92  13:21  Siege Tank  
  95  13:30  Terran Vehicle Weapons Level 2  
  95  13:35  Marine x6  
  95  13:36  Terran Infantry Armor Level 2, Terran Infantry Weapons Level 2  
  101  13:53  Thor  
  107  14:18  Drilling Claws  
  107  14:21  Terran Vehicle And Ship Armor Level 2  
  107  14:36  Thor  
  113  14:39  Starport  
  113  14:46  Supply Depot  
  113  14:48  Supply Depot  
  113  14:51  Marine  
  113  14:52  Marine x5  
  119  15:09  Marine  
  119  15:10  Marine x5  
  125  15:19  Thor  
  131  15:27  Marine x2  
  131  15:28  Marine x4  
  137  15:43  SCV  
  137  15:45  Marine x6  
  144  15:51  Supply Depot  
  144  15:55  Starport Reactor  
  145  16:01  Thor  
  136  17:02  Medivac x2  
  140  17:15  Starport  
  140  17:30  Marine  
  140  17:31  Marine x5  
  140  17:32  Medivac x2  
  150  17:37  Terran Vehicle Weapons Level 3  
  150  17:39  Terran Vehicle And Ship Armor Level 3  
  150  17:41  Terran Infantry Weapons Level 3  
  150  17:42  Terran Infantry Armor Level 3  
  150  17:48  Marine  
  150  17:49  Marine x5  
  156  18:01  Medivac  
  156  18:02  Medivac  
  160  18:06  Marine x2  
  160  18:07  Marine x4  
  155  18:24  Marine x6  
  87  19:32  Marine x7  
  76  19:49  Marine  
  76  19:50  Marine x6  
  64  20:07  Marine  
  64  20:08  Marine x6  
  69  20:25  Marine x3  
  69  20:26  Marine x4  
  74  20:43  Marine x6  
  80  20:57  Starport Reactor  
  78  21:32  Medivac x2  
  82  21:35  Viking x2  
  86  22:02  Medivac x2  
  86  22:05  Viking x2  
  39  24:53  Viking  
  39  24:54  Viking  
  39  24:57  Medivac x2  
  47  25:01  Marine x6  
  53  25:19  Marine x6  
  59  25:36  Marine  
  59  25:37  Marine x5  
  62  25:54  Marine  
  62  25:55  Marine x5  
Tags
 
Add a new tag
Caveats
  • Supply blocks, unpowered buildings, or Contaminate may cause inaccurate times.
  • Supply counts are checked every 10 seconds.